 Dungeon Crawl Stone Soup version 0.31.0-32-g396128a36d (webtiles) character file.

Game seed: 10232936458904715168

619174 MindCufk the Unseen (level 27, -12/268 HPs)
             Began as a Naga Alchemist on Apr 2, 2024.
             Was an Elder of Cheibriados.
             Engulfed by an ushabti's foul pestilence (15 damage)
             ... on level 2 of the Tomb of the Ancients.
             The game lasted 03:19:20 (62541 turns).

MindCufk the Unseen (Naga Alchemist)               Turns: 62541, Time: 03:19:21

Health: -12/268    AC: 54    Str: 30 (32) XL:     27
Magic:  23/37      EV: 15    Int: 31      God:    Cheibriados [****..]
Gold:   6003       SH:  0    Dex: 29      Spells: 2/47 levels left

rFire   + + .        M - +10 lajatang of Xierirae {holy, rC+ Stlth+}
rCold   + + .        (shield currently unavailable)
rNeg    + + +        j - +0 gold dragon scales
rPois   +            r - +2 helmet
rElec   .            V - +2 cloak {rF+}
rCorr   +            h - +2 pair of gloves of Mezcal {Dex+3}
SInv    +            e - +10 Black Knight's barding {ponderous, rPois rN+}
Will    +++++        G - amulet of the Four Winds {rN+ Will+++ Clar}
Stlth   ++++         d - ring of Nedyux {^Drain rN+ EV+5 Str+5 Stlth+}
HPRegen 0.64/turn    X - ring "Winlaug" {rCorr AC+4 Str+3}
MPRegen 0.25/turn

%: clarity
@: lethally poisoned (-12 -> -31), slowed, studying 2 skills, very slow
A: AC +9, large, see invisible, deformed body, poison resistance, slowness 2,
spit poison 1, naga tail 2, thin skeletal structure 1, mutation resistance 1
}: 4/15 runes: decaying, slimy, silver, gossamer
a: Spit Poison, Renounce Religion, Bend Time, Temporal Distortion, Slouch


You were on level 2 of the Tomb of the Ancients.
You worshipped Cheibriados.
Cheibriados was greatly pleased with you.
You visited 12 branches of the dungeon, and saw 53 of its levels.
You visited 1 bazaar.
You also visited: Gauntlet, Volcano and Wizlab.

You collected 8692 gold pieces.
You spent 2689 gold pieces at shops.

Inventory:

Hand Weapons
 p - a +9 demon trident of flaming
 H - the +9 trident of the Glimmering Gods {spect, Int+5}
   (You found it on level 8 of the Dungeon)

   Int+5:     It affects your intelligence (+5).
 M - the +10 lajatang of Xierirae (weapon) {holy, rC+ Stlth+}
   (You took it off a deep elf demonologist on level 3 of the Elven Halls)

   rC+:       It protects you from cold.
   Stlth+:    It makes you more stealthy.
Missiles
 E - 4 throwing nets
Armour
 e - the +10 Black Knight's barding (worn) {ponderous, rPois rN+}
   (You acquired it on level 2 of the Dungeon)

   rPois:     It protects you from poison rN+: It protects you from negative
   energy.
 h - the +2 pair of gloves of Mezcal (worn) {Dex+3}
   (You bought it in a shop on level 14 of the Dungeon)

   Dex+3:     It affects your dexterity (+3).
 j - +0 gold dragon scales (worn)
 r - a +2 helmet (worn)
 S - a +2 kite shield of reflection
 V - a +2 cloak of fire resistance (worn)
Jewellery
 a - a ring of wizardry
 d - the ring of Nedyux (left hand) {^Drain rN+ EV+5 Str+5 Stlth+}
   (You acquired it on level 4 of the Lair of Beasts)

   [ring of evasion]

   EV+5:      It affects your evasion (+5).
   Str+5:     It affects your strength (+5).
   rN+:       It protects you from negative energy.
   ^Drain:    It drains your maximum health when unequipped.
   Stlth+:    It makes you more stealthy.
 g - the ring "Mucihezav" {+Blink rPois rC+ EV+5}
   (You took it off an occultist on level 2 of the Depths)

   [ring of evasion]

   EV+5:      It affects your evasion (+5).
   rC+:       It protects you from cold.
   rPois:     It protects you from poison +Blink: It lets you blink.
 n - an amulet of regeneration
 o - the ring "Duqob" {rF+ rC+ Str-3 Int+4}
   (You found it in a Gauntlet)

   [ring of protection from cold]

   Str-3:     It affects your strength (-3).
   Int+4:     It affects your intelligence (+4).
   rF+:       It protects you from fire.
   rC+:       It protects you from cold.
 G - the amulet of the Four Winds (around neck) {rN+ Will+++ Clar}
   (You found it on level 3 of the Depths)

   [amulet of nothing]

   rN+:       It protects you from negative energy.
   Will+++:   It greatly increases your willpower.
   Clar:      It protects you from confusion, rage, mesmerisation and fear.
 L - an amulet of magic regeneration
 N - the ring "Eduguis" {Wiz rC+ Str+3}
   (You found it on level 5 of the Pits of Slime)

   [ring of wizardry]

   Wiz:       It improves your spell success rate.
   Str+3:     It affects your strength (+3).
   rC+:       It protects you from cold.
 X - the ring "Winlaug" (right hand) {rCorr AC+4 Str+3}
   (You found it on level 5 of the Vaults)

   [ring of protection]

   AC+4:      It affects your AC (+4).
   Str+3:     It affects your strength (+3).
   rCorr:     It protects you from acid and corrosion.
 Y - the ring "Fijoloom" {rC+ Slay+2}
   (You found it on level 3 of the Depths)

   [ring of protection from cold]

   Slay+2:    It affects your accuracy & damage with ranged weapons and melee
   (+2).
   rC+:       It protects you from cold.
Wands
 s - a wand of digging (16)
Scrolls
 c - 5 scrolls of teleportation
 i - 7 scrolls of revelation
 l - a scroll of vulnerability
 q - 12 scrolls of fog
 t - 7 scrolls of butterflies
 v - 9 scrolls of fear
 B - 2 scrolls of blinking
 C - a scroll of immolation
 D - 2 scrolls of silence
 F - a scroll of torment
 R - 5 scrolls of amnesia
Potions
 b - 6 potions of magic
 f - 6 potions of enlightenment
 m - 24 potions of curing
 u - 10 potions of mutation
 w - 14 potions of brilliance
 x - 7 potions of berserk rage
 A - 3 potions of resistance
 J - 5 potions of cancellation
 O - 11 potions of ambrosia
 P - 8 potions of might
 T - 13 potions of heal wounds
 W - 4 potions of invisibility
Miscellaneous
 k - a tin of tremorstones (2/2)
 Q - a phial of floods
 U - a lightning rod (4/4)
 Z - a phantom mirror


   Skills:
 - Level 20.0 Fighting
 - Level 14.0(17.1) Polearms
 - Level 16.2(18.2) Staves
 - Level 15.0 Armour
 * Level 10.5 Dodging
 - Level 20.0 Stealth
 + Level 17.6 Shields
 - Level 10.5 Spellcasting
 - Level 5.0 Conjurations
 - Level 10.0 Summonings
 - Level 15.0 Necromancy
 + Level 3.1 Translocations
 - Level 10.0 Fire Magic
 - Level 5.0 Earth Magic
 - Level 10.0 Alchemy
 - Level 14.0 Invocations


You had 2 spell levels left.
You knew the following spells:

 Your Spells              Type           Power      Damage    Failure   Level
a - Blink                 Tloc           70%        N/A       22%         2
b - Stone Arrow           Conj/Erth      94%        3d12      19%         3
c - Haunt                 Necr/Summ      38%        N/A       94%         7
d - Olgreb's Toxic Radia  Alch           67%        N/A       9%          4
e - Ignition              Fire           33%        3d10      100%        8
f - Ignite Poison         Fire/Alch      67%        N/A       9%          4
g - Lesser Beckoning      Tloc           70%        N/A       22%         2
h - Borgnjor's Vile Clut  Necr/Erth      33%        N/A       22%         5
q - Animate Dead          Necr           83%        N/A       1%          4
w - Death Channel         Necr           41%        N/A       16%         6

Your spell library contained the following spells:

 Spells                   Type           Power      Damage    Failure   Level
 Necrotise                Necr           100%       1d9       1%          1
 Summon Small Mammal      Summ           100%       N/A       1%          1
 Call Imp                 Summ           100%       N/A       1%          2
 Scorch                   Fire           100%       2d9       1%          2
 Foxfire                  Conj/Fire      100%       2x1d9     2%          1
 Sting                    Conj/Alch      100%       1d9       2%          1
 Cigotuvi's Dreadful Rot  Necr/Alch/Air  100%       N/A       2%          2
 Magic Dart               Conj           100%       1d8       6%          1
 Sandblast                Erth           94%        2d19      6%          1
 Mercury Vapours          Alch/Air       94%        N/A       10%         2
 Searing Ray              Conj           94%        2d7       10%         2
 Momentum Strike          Conj/Tloc      82%        3d10      14%         2
 Static Discharge         Conj/Air       62%        3-6/arc   26%         2
 Freeze                   Ice            64%        1d7       45%         1
 Slow                     Hex            64%        N/A       45%         1
 Ensorcelled Hibernation  Hex/Ice        32%        N/A       58%         2
 Fugue of the Fallen      Necr           83%        N/A       1%          3
 Vampiric Draining        Necr           83%        2d11      1%          3
 Call Canine Familiar     Summ           67%        N/A       2%          3
 Martyr's Knell           Necr/Summ      76%        N/A       3%          4
 Curse of Agony           Necr           83%        N/A       3%          5
 Sticky Flame             Fire/Alch      67%        2d11      9%          4
 Summon Blazeheart Golem  Fire/Summ      67%        N/A       9%          4
 Inner Flame              Hex/Fire       47%        N/A       19%         3
 Mephitic Cloud           Conj/Alch/Air  47%        N/A       19%         3
 Passwall                 Erth           47%        N/A       19%         3
 Summon Ice Beast         Ice/Summ       47%        N/A       19%         3
 Anguish                  Hex/Necr       29%        N/A       22%         4
 Animate Armour           Summ/Erth      100%       N/A       22%         4
 Flame Wave               Conj/Fire      58%        2d14      22%         4
 Fulminant Prism          Conj/Alch      29%        3d14      22%         4
 Leda's Liquefaction      Alch/Erth      29%        N/A       22%         4
 Petrify                  Alch/Erth      58%        N/A       22%         4
 Alistair's Intoxication  Alch           44%        N/A       22%         5
 Gell's Gravitas          Tloc           35%        N/A       38%         3
 Teleport Other           Tloc           35%        N/A       38%         3
 Dazzling Flash           Conj/Hex       62%        N/A       47%         3
 Hailstorm                Conj/Ice       31%        3d8       47%         3
 Brom's Barrelling Bould  Conj/Erth      47%        2d6       54%         4
 Summon Lightning Spire   Summ/Air       47%        N/A       54%         4
 Fireball                 Conj/Fire      29%        3d13      54%         5
 Iskenderun's Mystic Bla  Conj/Tloc      41%        2d9       67%         4
 Eringya's Noxious Bog    Alch           33%        4d6       77%         6
 Summon Cactus Giant      Summ           33%        N/A       77%         6
 Passage of Golubria      Tloc           35%        N/A       80%         4
 Confusing Touch          Hex            16%        N/A       83%         3
 Frozen Ramparts          Ice            32%        1d5       83%         3
 Ozocubu's Armour         Ice            16%        N/A       83%         3
 Sigil of Binding         Hex            16%        N/A       83%         3
 Swiftness                Air            16%        N/A       83%         3
 Tukima's Dance           Hex            16%        N/A       83%         3
 Iskenderun's Battlesphe  Conj           47%        2d10      87%         5
 Lee's Rapid Deconstruct  Erth           23%        3d13*     87%         5
 Dimensional Bullseye     Hex/Tloc       12%        N/A       95%         4
 Vhi's Electric Charge    Tloc/Air       50%        N/A       95%         4
 Starburst                Conj/Fire      29%        6d9       98%         6
 Cause Fear               Hex            8%         N/A       99%         4
 Arcjolt                  Conj/Air       15%        1d25      99%         5
 Freezing Cloud           Conj/Ice/Air   13%        6-21      100%        5
 Metabolic Englaciation   Hex/Ice        8%         N/A       100%        5
 Silence                  Hex/Air        8%         N/A       100%        5
 Bombard                  Conj/Erth      23%        9d4       100%        6
 Conjure Ball Lightning   Conj/Air       15%        3x3d6     100%        6
 Dispersal                Tloc           17%        N/A       100%        6
 Plasma Beam              Fire/Air       23%        2x1d35    100%        6
 Sculpt Simulacrum        Ice/Alch       23%        N/A       100%        6
 Enfeeble                 Hex            8%         N/A       100%        7
 Malign Gateway           Summ/Tloc      27%        N/A       100%        7
 Orb of Destruction       Conj           23%        9d8       100%        7
 Ozocubu's Refrigeration  Ice            8%         4d9       100%        7
 Borgnjor's Revivificati  Necr           41%        N/A       100%        8
 Discord                  Hex            8%         N/A       100%        8
 Infestation              Necr           41%        N/A       100%        8
 Lehudib's Crystal Spear  Conj/Erth      23%        10d7      100%        8
 Summon Horrible Things   Summ           33%        N/A       100%        8
 Chain Lightning          Conj/Air       15%        3d20      100%        9
 Death's Door             Necr           41%        N/A       100%        9
 Dragon's Call            Summ           33%        N/A       100%        9
 Fire Storm               Conj/Fire      29%        8d7       100%        9
 Shatter                  Erth           23%        3d20*     100%        9


Dungeon Overview and Level Annotations

Branches:
Dungeon (15/15)            Temple (1/1) D:4            Lair (5/5) D:8
  Swamp (4/4) Lair:3       Spider (4/4) Lair:3        Slime (5/5) Lair:5
    Orc (2/2) D:9             Elf (3/3) Orc:2        Vaults (5/5) D:14
  Crypt (3/3) Vaults:2       Tomb (2/3) Crypt:3      Depths (4/4) D:15
    Zot (0/5) Depths:4    Volcano (visited)          WizLab (visited)
Gauntlet (visited)

Altars:
Ashenzari
Cheibriados
Dithmenos
Elyvilon
Fedhas
Gozag
Hepliaklqana
Kikubaaqudgha
Makhleb
Nemelex Xobeh
Okawaru
Qazlal
Ru
Sif Muna
Trog
Uskayaw
Vehumet
Wu Jian
Xom
Yredelemnul
Zin
The Shining One
Lugonu

Shops:
D:6 [   D:8 (   D:9 !*(:*   D:14 [[*=   Orc:2 *(:*   Elf:1 :(*(   Elf:2 =
Vaults:4 *[   Depths:1 =:=

Portals:
Hell: Depths:1 Depths:2 Depths:3 Depths:4
Abyss: Depths:2 Depths:3 Depths:4
Pandemonium: Depths:2
Ziggurat: Depths:4
Trove: D:12 (give 2 scrolls of acquirement)

Annotations:
D:7 2 transporters
Depths:2 Josephina


Innate Abilities, Weirdness & Mutations

Your serpentine skin is tough. (AC +9)
You have supernaturally acute eyesight. (SInv)
Armour fits poorly on your strangely shaped body.
Your system is resistant to poisons. (rPois)
You cover ground very slowly.
You can spit poison.
You can use your snake-like lower body to constrict enemies.
You have a somewhat thin skeletal structure. (Dex +2, Stealth+)
You are somewhat resistant to further mutation.


Message History

The ushabti shakes and rattles.
The vile air hits the death scarab.
The vile air hits the royal mummy but does no damage.
The vile air hits you but does no damage.
The vile air hits the death scarab. x2
You slash the mummy priest!
You destroy the mummy priest!
You feel extremely nervous for a moment...
You are engulfed in negative energy!
You feel weakened.
You are engulfed in dark miasma.
* * * LOW HITPOINT WARNING * * *
You feel sick. The death scarab misses you.
The death scarab completely misses you.
The death scarab bites you but does no damage.
The death scarab bites you!
* * * LOW HITPOINT WARNING * * *
The death scarab drains your vigour!
You feel as though you will be slow longer.
The royal mummy casts a spell.
A royal mummy comes into view.
The mummy priest calls on the powers of darkness!
The emperor scorpion convulses!
Your body is wracked with pain!
* * * LOW HITPOINT WARNING * * *
A mummy priest comes into view.
The mummy barely misses you.
The death scarab bites you but does no damage.
Blink to where?
Press: ? - help, Dir - move target
As you read the scroll of blinking, it crumbles to dust.
* * * LOW HITPOINT WARNING * * *
You feel very sick. The death scarab closely misses you. x2
The ushabti shakes and rattles.
The vile air hits the death scarab.
The vile air hits the death scarab but does no damage.
The vile air hits you but does no damage.
You are engulfed in dark miasma.
You are more poisoned.
You die...

#####+#####
..........
...!.......
#.........#
#@........#
.####B☼.......##
.....B.BB.......
.....M.MM☼......
......B...☼☼.....
...^^..#.○○#9°...
^.........s°°....
.......†..........
.......).†^......


You could see 2 royal mummies, an emperor scorpion (summoned), an ushabti, 5
death scarabs and a mummy.

Vanquished Creatures
  the Royal Jelly (Slime:5)
  A dread lich (Vaults:5)
  An ancient lich (Crypt:3)
  A juggernaut (Depths:4)
  2 royal mummies (Tomb:1)
  Sojobo (Vaults:2)
  Vv (Depths:2)
  2 shard shrikes (Depths:2)
  Bai Suzhen (Crypt:1)
  3 golden dragons
  A caustic shrike (Depths:3)
  The ghost of Fodazxin the Slayer, a veteran GrFi of Gozag (Elf:1)
  Nikola (Depths:2)
  Arachne (Spider:3)
  2 hellephants (Depths:2)
  An iron giant (Depths:2)
  Rupert (Lair:5)
  Jorgrun (D:13)
  10 liches
  A walking earthen tome (Depths:3)
  5 deep elf master archers
  2 deep elf blademasters (Elf:3)
  The ghost of Henri the Warrior, an adept GrFi of Zin (Elf:1)
  10 titans
  10 sphinxes
  A quicksilver dragon (Vaults:5)
  2 ancient champions
  18 acid blobs
  A shadow dragon (Vaults:5)
  5 thorn hunters
  Aizul (Elf:1)
  Donald (Elf:1)
  7 azure jellies
  6 tengu reavers
  2 revenants (Crypt:3)
  12 storm dragons
  9 rockslimes
  4 fenstrider witches
  6 emperor scorpions
  13 frost giants
  3 iron dragons
  A balrug (Depths:2)
  5 deep elf sorcerers
  A draconian knight (Depths:4)
  11 fire giants
  A caustic shrike zombie (Depths:1)
  The ghost of Besyklibb the Fighter, an adept GrEE of Vehumet (Elf:1)
  5 deep elf elementalists (Elf:3)
  17 vault wardens
  10 ghouls
  4 orc warlords
  3 ghost moths (Spider:4)
  4 curse skulls
  12 very ugly things
  13 ironbound preservers
  A draconian stormcaller (Depths:4)
  10 quicksilver oozes
  A broodmother (Spider:4)
  4 ironbound thunderhulks
  17 stone giants
  A spriggan defender (Depths:3)
  A green draconian (Depths:4)
  7 vampire knights
  10 deep elf death magi
  9 deep elf annihilators
  7 dire elephants
  6 eleionomae
  6 war gargoyles
  A white draconian (Depths:4)
  Nessos (Lair:5)
  5 deep elf demonologists
  3 bunyips (Swamp:3)
  A minotaur (Gauntlet)
  A red draconian (Depths:4)
  6 spark wasps
  7 eidola
  A blizzard demon (Gauntlet)
  7 fire dragons
  5 crystal guardians
  10 jiangshi
  4 rakshasas
  An entropy weaver (shapeshifter) (D:15)
  A deep elf high priest (Elf:3)
  2 shambling mangroves
  12 ettins
  A quicksilver dragon zombie (D:15)
  7 entropy weavers
  3 ice dragons
  13 yaktaur captains
  6 mummy priests
  28 vault guards
  3 peacekeepers
  Fannar (Orc:1)
  47 slime creatures
  4 spriggan air magi
  A sphinx zombie (D:15)
  2 spriggan skeletons (Crypt:3)
  5 ogre magi
  5 great orbs of eyes
  2 hell beasts
  17 hydras
  4 ghost crabs
  5 ironbound frosthearts
  7 alligators
  A catoblepas (Lair:1)
  A radroach (Spider:4)
  4 satyrs (WizLab)
  3 jorogumos
  16 centaur warriors
  A two-headed ogre (shapeshifter) (Depths:3)
  11 two-headed ogres
  8 boulder beetles
  4 death knights
  9 deep troll earth magi
  29 dancing weapons
  8 death yaks (Lair:4)
  2 hell hogs
  8 vampire magi
  5 deep troll shamans
  15 death scarabs
  3 tengu warriors
  2 quicksilver ooze zombies
  2 occultists (Vaults:4)
  3 orc high priests
  6 demonic crawlers
  6 spriggan berserkers
  3 sun demons (Depths:1)
  4 naga sharpshooters (WizLab)
  8 hell knights
  A storm dragon zombie (D:15)
  5 spriggans
  A soul eater (Depths:1)
  A skyshark (shapeshifter) (Depths:3)
  A titan skeleton (Crypt:3)
  A skyshark (Lair:2)
  Nergalle (Lair:1)
  5 shadow wraiths
  4 iron trolls
  9 deep elf knights
  2 pharaoh ants (Spider:3)
  A death drake (Swamp:3)
  A fire crab (shapeshifter) (Depths:1)
  A bunyip zombie (Tomb:1)
  2 goliath frogs
  20 skeletal warriors
  A spriggan rider (Depths:3)
  4 glowing orange brains
  3 spriggan druids
  7 swamp dragons
  33 deep trolls
  12 flayed ghosts
  3 sea snakes (shapeshifter)
  2 sun moths
  A sun moth (shapeshifter) (D:13)
  3 bog bodies
  6 arcanists
  4 necromancers
  24 deep elf pyromancers
  A jorogumo zombie (Crypt:1)
  A lindwurm (shapeshifter) (D:12)
  9 deep elf archers
  21 deep elf zephyrmancers
  4 lindwurms
  5 steelbarb worms
  17 orc knights
  14 phantasmal warriors
  13 ironbound convokers
  4 orc sorcerers (Orc:2)
  A goliath frog zombie (Crypt:2)
  2 harpies
  2 shining eyes
  An iron dragon zombie (Crypt:3)
  25 ugly things
  A will-o-the-wisp (Swamp:1)
  6 fauns (WizLab)
  15 elephants
  2 oklob plants (WizLab)
  14 wolf spiders
  A cyclops (D:14)
  A salamander (Depths:1)
  An eleionoma zombie (Crypt:1)
  2 manticores
  2 moths of wrath
  A stone giant skeleton (Depths:1)
  An iron dragon skeleton (Crypt:3)
  6 meliai
  4 black mambas
  A centaur zombie (Vaults:2)
  2 kobold blastminers (Orc:2)
  A meliai (shapeshifter) (Depths:1)
  An eye of devastation (Gauntlet)
  7 gargoyles
  14 vault sentinels
  4 smoke demons
  A cane toad (shapeshifter) (D:15)
  A molten gargoyle (Lair:5)
  Jeremiah (D:8)
  7 cane toads
  5 torpor snails
  A mana viper zombie (Crypt:2)
  2 rime drakes
  An unseen horror (D:12)
  An unseen horror (shapeshifter) (D:13)
  11 komodo dragons
  3 kobold demonologists
  An efreet (D:14)
  A swamp worm zombie (Crypt:1)
  A dire elephant skeleton (Tomb:1)
  A minotaur zombie (Crypt:1)
  An alligator snapping turtle skeleton (Crypt:3)
  20 yaktaurs
  7 freezing wraiths
  A redback zombie (Spider:3)
  An ice devil (Gauntlet)
  5 tengu conjurers
  A minotaur skeleton (Crypt:2)
  6 trolls
  A red devil (Gauntlet)
  10 guardian mummies
  A polar bear (shapeshifter) (D:15)
  A bloated husk (Swamp:1)
  A polar bear (Lair:1)
  6 hornets
  A queen bee (Lair:4)
  A raiju (shapeshifter) (Vaults:5)
  12 tarantellas
  8 blink frogs
  A guardian serpent zombie (Crypt:1)
  11 tyrant leeches
  4 dream sheep (Lair:1)
  A culicivora zombie (Crypt:1)
  3 glass eyes
  A glass eye (shapeshifter) (Elf:3)
  A stone giant simulacrum (Depths:1)
  15 jumping spiders
  4 culicivoras
  2 guardian serpent skeletons (Crypt:2)
  9 shadows
  A water elemental (Elf:3)
  2 fire dragon skeletons (Crypt:3)
  11 wraiths
  4 air elementals
  34 yaks
  An ice dragon skeleton (Crypt:2)
  8 ushabtiu
  8 vampires
  3 basilisks
  3 wyverns
  A fire elemental (Elf:3)
  3 golden eyes
  4 vampire mosquitoes
  2 fire bats (Volcano)
  2 wargs
  18 redbacks
  2 steam dragons
  7 swamp worms
  A glowing shapeshifter zombie (Depths:1)
  A fire bat skeleton (Crypt:1)
  15 water moccasins
  4 acid dragons
  6 hell hounds
  A demonspawn zombie (Crypt:3)
  2 ice beasts (D:8)
  A naga skeleton (Crypt:3)
  4 swamp drakes
  5 black bears
  A cane toad skeleton (Crypt:1)
  2 sky beasts
  21 laughing skulls
  4 ogres
  16 orc warriors
  8 wolves
  5 centaurs
  3 phantoms
  8 kobold brigands
  11 bullfrogs
  4 gnoll sergeants
  2 earth elementals
  A yaktaur skeleton (Crypt:1)
  4 necrophages
  7 scorpions
  12 wights
  32 killer bees (Lair:4)
  3 howler monkeys
  A wolf skeleton (Crypt:2)
  A lava snake (Lair:5)
  3 hounds
  3 crimson imps (Gauntlet)
  14 orc priests
  A hound (shapeshifter) (D:15)
  3 gnoll boudas
  6 iguanas
  2 sleepcaps
  Terence (D:3)
  18 orc wizards
  5 hell rats
  A howler monkey zombie (Crypt:2)
  15 mummies
  18 gnolls
  7 adders
  2 shadow imps
  A swamp drake skeleton (Crypt:1)
  3 white imps
  2 ufetubi (D:5)
  2 adder zombies (D:2)
  An adder skeleton (D:2)
  8 dart slugs
  4 ribbon worms
  31 orcs
  3 ball pythons
  8 endoplasms
  5 giant cockroaches
  6 goblins
  6 hobgoblins
  3 quokkas
  3 ball python skeletons (D:2)
  A ball python zombie (D:2)
  3 bats
  8 frilled lizards
  17 kobolds
  2 quokka skeletons
  A rat (D:2)
  3 spectral weapons
1772 creatures vanquished.

Vanquished Creatures (collateral kills)
  the Lernaean hydra (Swamp:4)
  Jory (Depths:3)
  2 golden dragons
  2 tentacled monstrosities (Vaults:5)
  A lich (Vaults:5)
  3 titans
  5 acid blobs
  A quicksilver dragon (Vaults:5)
  2 walking frostbound tomes (Depths:3)
  3 storm dragons
  2 tengu reavers
  Roxanne (Spider:3)
  A shadow dragon (Depths:4)
  6 azure jellies
  An occultist (Depths:2)
  4 fire giants
  2 rockslimes
  4 frost giants
  2 iron dragons (Depths:3)
  A ghost moth (Spider:3)
  2 deep elf sorcerers
  A deep elf elementalist (Elf:3)
  4 vault wardens
  5 emperor scorpions
  4 ironbound preservers
  9 very ugly things
  2 ironbound thunderhulks
  3 quicksilver oozes
  A deep elf demonologist (Elf:3)
  5 stone giants
  3 deep elf annihilators
  A spark wasp (shapeshifter) (Vaults:5)
  2 ettins (Depths:3)
  2 fire dragons
  4 entropy weavers
  3 great orbs of eyes
  2 yaktaur captains
  A deep elf high priest (Elf:3)
  6 hydras
  5 ironbound frosthearts
  A vault guard (Vaults:5)
  3 ghost crabs
  An ogre mage (Vaults:5)
  An alligator (Swamp:3)
  A spriggan air mage (Depths:3)
  3 centaur warriors
  A boulder beetle (Spider:3)
  3 two-headed ogres (Vaults:5)
  3 deep troll shamans
  A deep troll earth mage (Depths:3)
  2 orc high priests
  A tengu warrior (Depths:3)
  A spriggan berserker (Depths:3)
  A hell knight (Vaults:5)
  2 pharaoh ants
  A skyshark (Lair:5)
  2 goliath frogs
  A flayed ghost (Depths:3)
  3 iron trolls (Depths:4)
  5 orb spiders
  5 deep trolls
  2 arcanists (Vaults:4)
  An obsidian statue (Spider:1)
  6 swamp dragons (Swamp:4)
  3 steelbarb worms (Spider:4)
  An ironbound convoker (Vaults:4)
  2 bog bodies
  3 necromancers
  2 spriggan druids
  An orc knight (Vaults:4)
  A phantasmal warrior (Vaults:5)
  8 wolf spiders
  4 ugly things
  A lindwurm (Lair:5)
  3 will-o-the-wisps
  A manticore (shapeshifter) (Vaults:5)
  2 elephants (Lair:5)
  2 black mambas (Lair:5)
  A vault sentinel (Vaults:2)
  2 molten gargoyles (Lair:5)
  An eye of devastation (Slime:5)
  3 cane toads (Lair:5)
  2 torpor snails
  6 komodo dragons (Lair:5)
  4 yaktaurs
  A merfolk (shapeshifter) (Vaults:5)
  A blink frog (Lair:5)
  17 tarantellas
  A hornet (Swamp:3)
  12 culicivoras
  28 slime creatures
  22 jumping spiders
  3 wyverns (Lair:5)
  4 basilisks (Lair:5)
  A shadow (D:11)
  5 yaks (Lair:5)
  6 golden eyes
  3 wargs (Orc:1)
  A steam dragon (Lair:5)
  A redback (shapeshifter) (Vaults:5)
  A vampire mosquito (Swamp:3)
  36 redbacks
  7 swamp worms
  2 water moccasins (Lair:5)
  2 hell hounds (Lair:5)
  3 orc warriors
  2 swamp drakes (Swamp:4)
  An ogre (Orc:1)
  2 wolves (Lair:5)
  2 electric eels (Spider:4)
  4 lava snakes (Lair:5)
  4 orc priests
  An orc wizard (Orc:2)
  6 orcs
393 creatures vanquished.

Vanquished Creatures (others)
  A tentacled monstrosity (Depths:3)
  A lich (Depths:4)
  A sphinx (Tomb:1)
  A deep elf sorcerer (Elf:3)
  A jelly zombie (Slime:5)
  A rockslime zombie (Slime:5)
  5 acid blob zombies
  3 very ugly thing zombies (Depths:3)
  A deep elf high priest (Elf:3)
  A hydra (Swamp:4)
  A sphinx zombie (Vaults:5)
  3 azure jelly zombies
  A tengu warrior (Depths:1)
  4 titan zombies
  An occultist (Vaults:4)
  A storm dragon zombie (Depths:2)
  A quicksilver ooze zombie (Slime:3)
  A soul eater (Depths:1)
  3 emperor scorpion zombies
  2 spark wasp zombies
  2 tengu zombies
  5 ugly thing zombies
  7 wolf spider zombies
  5 alligator zombies
  2 sphinx simulacra (Depths:2)
  2 fire giant zombies (Vaults:5)
  A frost giant zombie (Depths:3)
  5 stone giant zombies
  6 centaur zombies
  A dire elephant zombie (Vaults:4)
  A steelbarb worm zombie (Spider:3)
  2 iron troll zombies (Depths:4)
  An orb spider zombie (Spider:4)
  3 swamp worm zombies
  A golden dragon simulacrum (Depths:2)
  12 redback zombies
  3 hydra zombies
  4 bloated husks
  A harpy zombie (Vaults:4)
  6 jumping spider zombies
  A boulder beetle zombie (Lair:5)
  An ice dragon zombie (Depths:4)
  28 human zombies
  3 ettin zombies
  6 tarantella zombies
  A fire giant simulacrum (Depths:2)
  2 culicivora zombies
  A jumping spider (Spider:2)
  19 slime creature zombies
  7 spriggan zombies
  2 tyrant leech zombies
  A redback (Spider:4)
  21 deep troll zombies
  18 elf zombies
  A merfolk zombie (Vaults:5)
  4 entropy weaver zombies
  An ogre zombie (Vaults:5)
  A lindwurm zombie (Lair:5)
  A cane toad zombie (Lair:5)
  3 swamp drakes (Swamp:4)
  A hornet zombie (Depths:3)
  5 swamp dragon zombies (Swamp:4)
  3 elephant zombies (Lair:5)
  A manticore zombie (Vaults:5)
  A torpor snail zombie (Spider:4)
  17 yaktaur zombies
  A kobold zombie (Orc:2)
  4 hell hound zombies (Lair:5)
  3 komodo dragon zombies (Lair:5)
  2 warg zombies (Orc:1)
  A water moccasin zombie (Lair:5)
  2 yak zombies (Lair:5)
  A raiju zombie (Vaults:5)
  3 basilisk zombies (Lair:5)
  3 swamp drake zombies (Swamp:4)
  A steam dragon zombie (Lair:5)
  3 lava snake zombies (Lair:5)
  11 orc zombies
  16 foxfires
  76 spectral weapons
381 creatures vanquished.

Grand Total: 2546 creatures vanquished

Notes
Turn   | Place    | Note
-------+----------+-------------------------------------------
     0 | D:1      | MindCufk the Naga Alchemist began the quest for the Orb.
     0 | D:1      | Reached XP level 1. HP: 15/15 MP: 3/3
    99 | D:1      | Reached XP level 2. HP: 5/22 MP: 0/5
   679 | D:1      | Reached XP level 3. HP: 28/28 MP: 1/6
  1151 | D:1      | Learned a level 2 spell: Mercury Vapours
  1155 | D:1      | Learned a level 3 spell: Mephitic Cloud
  1233 | D:2      | Identified the +1 leather armour of Absence {+Blink}
  1505 | D:2      | Reached XP level 4. HP: 34/36 MP: 7/7
  1581 | D:2      | Reached skill level 5 in Alchemy
  1845 | D:2      | Found a faded altar of an unknown god.
  2173 | D:2      | Identified a scroll of acquirement
  2175 | D:2      | Acquired the +10 Black Knight's barding {ponderous, rPois
                  | rN+}
  2175 | D:2      | Found the +10 Black Knight's barding {ponderous, rPois rN+}
  2286 | D:3      | Found a hazy altar of Hepliaklqana.
  2429 | D:3      | Found a sacrificial altar of Ru.
  2497 | D:3      | Noticed Terence
  2507 | D:3      | Killed Terence
  2508 | D:3      | Reached XP level 5. HP: 40/42 MP: 1/9
  2884 | D:3      | Found a radiant altar of Vehumet.
  3288 | D:4      | Noticed a phantom
  3292 | D:4      | Reached skill level 5 in Stealth
  3332 | D:4      | Killed a phantom
  3333 | D:4      | Reached XP level 6. HP: 43/49 MP: 10/10
  3338 | D:4      | Learned a level 4 spell: Olgreb's Toxic Radiance
  3446 | D:4      | Found a staircase to the Ecumenical Temple.
  3458 | Temple   | Entered the Ecumenical Temple
  3496 | Temple   | Became a worshipper of Cheibriados the Contemplative
  3702 | D:4      | Found a shimmering blue altar of Sif Muna.
  4000 | D:5      | Entered Level 5 of the Dungeon
  4071 | D:5      | Reached XP level 7. HP: 53/55 MP: 8/12
  4231 | D:5      | Reached * piety under Cheibriados
  4568 | D:5      | Learned a level 4 spell: Sticky Flame
  4651 | D:5      | Reached skill level 1 in Fire Magic
  4835 | D:5      | Found a white marble altar of Elyvilon.
  4860 | D:5      | Reached XP level 8. HP: 59/62 MP: 14/14
  5592 | D:6      | Reached ** piety under Cheibriados
  5671 | D:6      | Found Haaty's Antique Armour Shop.
  5677 | D:6      | Bought a warped robe for 176 gold pieces
  5677 | D:6      | Identified the +0 robe of the Zebra {^Contam Will+ Dex+3}
                  | (You bought it in a shop on level 6 of the Dungeon)
  6238 | D:7      | Reached skill level 10 in Stealth
  6388 | D:7      | Reached skill level 5 in Fire Magic
  6388 | D:7      | Reached skill level 1 in Fighting
  6388 | D:7      | Reached skill level 1 in Invocations
  6704 | D:7      | Found a transporter.
  6706 | D:7      | Noticed a gargoyle
  6751 | D:7      | Reached XP level 9. HP: 70/70 MP: 6/15
  6835 | D:7      | Reached skill level 1 in Armour
  6990 | D:7      | Identified the ring of Riejuciumn {rPois rN+ Str-4 Stlth+}
  6991 | D:7      | Found a transporter.
  7415 | D:7      | Found a burning altar of Makhleb.
  7417 | D:7      | Noticed an Executioner
  7796 | D:8      | Found a broken altar of Ashenzari.
  7796 | D:8      | Found a stormy altar of Qazlal.
  7799 | D:8      | Identified the +9 trident of the Glimmering Gods {spect,
                  | Int+5}
  7828 | D:8      | Found a glowing golden altar of the Shining One.
  7866 | D:8      | Found a staircase to the Lair.
  7982 | D:8      | Noticed Jeremiah
  7997 | D:8      | Killed Jeremiah
  8152 | D:8      | Found Hounwome's Weapon Shoppe.
  8173 | D:8      | Found a shadowy altar of Dithmenos.
  8436 | D:8      | Noticed a two-headed ogre
  8444 | D:8      | Killed a two-headed ogre
  8445 | D:8      | Reached skill level 5 in Fighting
  8445 | D:8      | Reached skill level 5 in Invocations
  8445 | D:8      | Reached XP level 10. HP: 88/88 MP: 9/16
  8471 | D:8      | Reached *** piety under Cheibriados
  8495 | D:8      | Reached skill level 1 in Polearms
  8833 | D:9      | Found Zosage's Assorted Antiques.
  8920 | Lair:1   | Entered Level 1 of the Lair of Beasts
  8942 | Lair:1   | Noticed Nergalle
  8951 | Lair:1   | Killed Nergalle
  8955 | Lair:1   | Noticed an elephant
  8960 | Lair:1   | Noticed an elephant
  8962 | Lair:1   | Noticed an elephant
  8976 | Lair:1   | Killed an elephant
  8977 | Lair:1   | Reached skill level 5 in Armour
  8981 | Lair:1   | Killed an elephant
  8987 | Lair:1   | Killed an elephant
  9206 | Lair:1   | Reached XP level 11. HP: 97/97 MP: 15/17
  9211 | Lair:1   | Learned a level 2 spell: Blink
  9214 | Lair:1   | Learned a level 2 spell: Lesser Beckoning
  9214 | Lair:1   | Noticed a catoblepas
  9235 | Lair:1   | Killed a catoblepas
  9236 | Lair:1   | Reached skill level 1 in Necromancy
  9409 | Lair:1   | Reached **** piety under Cheibriados
  9419 | Lair:1   | Reached skill level 5 in Polearms
  9551 | Lair:1   | Reached skill level 5 in Spellcasting
 10020 | Lair:2   | Found a shadowy altar of Dithmenos.
 10115 | Lair:2   | Noticed a skyshark
 10124 | Lair:2   | Killed a skyshark
 10125 | Lair:2   | Reached skill level 1 in Shields
 10262 | Lair:2   | Noticed a five-headed hydra
 10271 | Lair:2   | Killed a five-headed hydra
 10372 | Lair:2   | Reached skill level 5 in Necromancy
 10436 | Lair:2   | Reached XP level 12. HP: 105/105 MP: 21/21
 10736 | Lair:3   | Found a dark tunnel.
 10745 | Lair:3   | Reached ***** piety under Cheibriados
 10752 | Lair:3   | Learned a level 5 spell: Borgnjor's Vile Clutch
 10765 | Volcano  | Entered a volcano
 10841 | Volcano  | Reached skill level 1 in Earth Magic
 10894 | Volcano  | Noticed a hell hog
 10901 | Volcano  | Killed a hell hog
 11050 | Lair:3   | Found a staircase to the Swamp.
 11224 | Lair:3   | Noticed a four-headed hydra
 11232 | Lair:3   | Killed a four-headed hydra
 11401 | Lair:3   | Found a hole to the Spider Nest.
 11401 | Lair:3   | Noticed a demonic crawler
 11417 | Lair:3   | Killed a demonic crawler
 11543 | Lair:3   | Reached skill level 5 in Shields
 11543 | Lair:3   | Reached skill level 5 in Earth Magic
 11910 | Lair:4   | Acquired the ring of Nedyux {^Drain rN+ EV+5 Str+5 Stlth+}
 11914 | Lair:4   | Acquired 612 gold pieces
 12134 | Lair:4   | Noticed a death yak
 12134 | Lair:4   | Noticed a death yak
 12135 | Lair:4   | Noticed a death yak
 12140 | Lair:4   | Noticed a death yak
 12144 | Lair:4   | Killed a death yak
 12150 | Lair:4   | Gained mutation: You can use your snake-like lower body to
                  | constrict enemies. [Naga growth]
 12150 | Lair:4   | Reached XP level 13. HP: 104/111 MP: 7/22
 12353 | Lair:4   | Reached ****** piety under Cheibriados
 12483 | Lair:4   | Reached skill level 10 in Invocations
 12573 | Lair:4   | Learned a level 4 spell: Animate Dead
 12908 | Lair:5   | Entered Level 5 of the Lair of Beasts
 12929 | Lair:5   | Reached skill level 10 in Necromancy
 12958 | Lair:5   | Reached XP level 14. HP: 120/120 MP: 27/27
 12960 | Lair:5   | Learned a level 6 spell: Death Channel
 13029 | Lair:5   | Noticed Rupert
 13042 | Lair:5   | Killed Rupert
 13263 | Lair:5   | Noticed Nessos
 13278 | Lair:5   | Killed Nessos
 13413 | Lair:5   | Reached skill level 10 in Polearms
 13421 | Lair:5   | Found a staircase to the Slime Pits.
 13579 | Lair:5   | Found a large runed translucent door.
 13630 | Lair:5   | Found a large runed translucent door.
 14081 | D:9      | Bought a scroll labelled ZYSMOO FIUHEG for 21 gold pieces
 14081 | D:9      | Bought a cyan potion for 18 gold pieces
 14081 | D:9      | Bought a dark potion for 18 gold pieces
 14081 | D:9      | Bought a scroll labelled UJANLE PANOUGU for 21 gold pieces
 14081 | D:9      | Bought a scroll of revelation for 157 gold pieces
 14081 | D:9      | Bought a scroll of teleportation for 63 gold pieces
 14185 | D:9      | Found Yjopryru's Book Emporium.
 14188 | D:9      | Bought an Everburning Encyclopedia for 532 gold pieces
 14207 | D:9      | Found a staircase to the Orcish Mines.
 14286 | D:9      | Found Alufig's Distillery.
 14292 | D:9      | Bought a potion of degeneration for 10 gold pieces
 14292 | D:9      | Bought a potion of lignification for 30 gold pieces
 14434 | D:9      | Found Tyklat's General Store.
 14439 | D:9      | Bought a scroll of identify for 20 gold pieces
 14451 | D:9      | Found Nemoeh's Weapon Shop.
 14784 | Orc:1    | Entered Level 1 of the Orcish Mines
 14858 | Orc:1    | Reached skill level 10 in Spellcasting
 14869 | Orc:1    | Noticed Fannar
 14875 | Orc:1    | Killed Fannar
 15188 | Orc:2    | Entered Level 2 of the Orcish Mines
 15487 | Orc:2    | Found Aheiwn's Assorted Antiques.
 15510 | Orc:2    | Reached XP level 15. HP: 75/126 MP: 10/29
 15565 | Orc:2    | Learned a level 4 spell: Ignite Poison
 15567 | Orc:2    | Found a staircase to the Elven Halls.
 15784 | Orc:2    | Found Wotog's Book Emporium.
 15794 | Orc:2    | Bought a scroll labelled DAOGAC BOSTRUOH for 22 gold pieces
 15794 | Orc:2    | Bought a scroll of identify for 44 gold pieces
 15796 | Orc:2    | Found Xodiz's Assorted Antiques.
 15798 | Orc:2    | Found Duciax's Weapon Shop.
 15804 | Orc:2    | Bought a scroll of identify for 60 gold pieces
 15804 | Orc:2    | Bought a scroll of identify for 60 gold pieces
 15804 | Orc:2    | Bought a scroll of revelation for 225 gold pieces
 15807 | Orc:2    | Bought a ruby potion for 27 gold pieces
 15807 | Orc:2    | Bought a bubbling purple potion for 27 gold pieces
 15808 | Orc:2    | Reached skill level 5 in Dodging
 15808 | Orc:2    | Reached XP level 16. HP: 133/133 MP: 30/30
 15904 | D:10     | Entered Level 10 of the Dungeon
 16456 | D:10     | Found a shimmering altar of Xom.
 16648 | D:11     | Identified the maw talisman of Sif Muna's Outrage {+Blink
                  | rPois rF+++ Stlth-}
 17549 | D:12     | Gained mutation: You are somewhat resistant to further
                  | mutation. [potion of mutation]
 17549 | D:12     | Gained mutation: You have a somewhat thin skeletal
                  | structure. (Dex +2, Stealth+) [potion of mutation]
 17550 | D:12     | Found a portal to a secret trove of treasure.
 17552 | D:12     | Found a gate leading to a gauntlet.
 17562 | Gauntlet | Entered a Gauntlet
 17562 | Gauntlet | Found a transporter.
 17571 | Gauntlet | Found a transporter.
 17574 | Gauntlet | Found a transporter.
 17575 | Gauntlet | Found a transporter.
 17583 | Gauntlet | Found a transporter.
 17586 | Gauntlet | Found a transporter.
 17587 | Gauntlet | Found a transporter.
 17599 | Gauntlet | Found a transporter.
 17600 | Gauntlet | Found a transporter.
 17604 | Gauntlet | Found a transporter.
 17608 | Gauntlet | Found a transporter.
 17611 | Gauntlet | Found a transporter.
 17612 | Gauntlet | Found a transporter.
 17616 | Gauntlet | Found a runed translucent door.
 17618 | Gauntlet | Found a runed translucent door.
 17620 | Gauntlet | Found a transporter.
 17762 | Gauntlet | Identified the ring "Duqob" {rF+ rC+ Str-3 Int+4}
 17787 | Gauntlet | Identified the ring of the Swan {Fire Int+3}
 18665 | D:13     | Noticed Jorgrun
 18678 | D:13     | Killed Jorgrun
 19346 | D:14     | Found Hotid's General Store.
 19351 | D:14     | Bought a scroll of identify for 26 gold pieces
 19390 | D:14     | Found Uvehiruz's Antique Armour Boutique.
 19396 | D:14     | Bought a pair of steaming gloves for 285 gold pieces
 19396 | D:14     | Identified the +2 pair of gloves of Mezcal {Dex+3} (You
                  | bought it in a shop on level 14 of the Dungeon)
 19407 | D:14     | Bought a pair of glowing gloves for 225 gold pieces
 19450 | D:14     | Found a gate to the Vaults.
 19646 | D:14     | Found Tuclijann's Armour Boutique.
 19654 | D:14     | Bought a +0 kite shield for 63 gold pieces
 19693 | D:14     | Found Pecub's Jewellery Shop.
 19815 | D:15     | Entered Level 15 of the Dungeon
 19859 | D:15     | Found an ancient bone altar of Kikubaaqudgha.
 19945 | D:15     | Found a staircase to the Depths.
 19954 | D:15     | Reached XP level 17. HP: 137/148 MP: 31/31
 20649 | Swamp:1  | Entered Level 1 of the Swamp
 20696 | Swamp:1  | Reached XP level 18. HP: 157/157 MP: 32/32
 22042 | Swamp:3  | Reached skill level 10 in Fighting
 22499 | Swamp:4  | Entered Level 4 of the Swamp
 22666 | Swamp:4  | Reached skill level 10 in Shields
 22686 | Swamp:4  | Reached skill level 10 in Armour
 22886 | Swamp:4  | Noticed the 27-headed Lernaean hydra
 22892 | Swamp:4  | Killed the 27-headed Lernaean hydra
 22932 | Swamp:4  | Got a decaying rune of Zot
 23004 | Swamp:4  | Reached XP level 19. HP: 158/168 MP: 33/33
 23416 | Spider:1 | Entered Level 1 of the Spider Nest
 23436 | Spider:1 | Identified the +2 robe of the Sailor {Str+3}
 23877 | Spider:1 | Reached skill level 10 in Fire Magic
 24679 | Spider:3 | Noticed Roxanne
 24715 | Spider:3 | Killed Roxanne
 24883 | Spider:3 | Learned a level 3 spell: Stone Arrow
 25037 | Spider:3 | Noticed Arachne
 25050 | Spider:3 | Killed Arachne
 25779 | Spider:4 | Entered Level 4 of the Spider Nest
 25868 | Spider:4 | Reached skill level 5 in Conjurations
 26000 | Spider:4 | Reached XP level 20. HP: 142/180 MP: 1/34
 26066 | Spider:4 | Got a gossamer rune of Zot
 26565 | Elf:1    | Entered Level 1 of the Elven Halls
 26578 | Elf:1    | Reached skill level 1 in Summonings
 26587 | Elf:1    | Noticed Donald
 26594 | Elf:1    | Killed Donald
 26621 | Elf:1    | Found Pouhauj's Weapon Shop.
 26633 | Elf:1    | Found a flickering gateway to a bazaar.
 26645 | Bazaar   | Entered a bazaar
 26652 | Bazaar   | Found Nusahusose's Antique Weapon Shoppe.
 26663 | Bazaar   | Found Zeatoong's Antique Weapon Emporium.
 26677 | Bazaar   | Found Uclavot's Antique Armour Shoppe.
 26688 | Bazaar   | Found Uqommu's Antique Armour Emporium.
 26693 | Bazaar   | Bought a steaming cloak for 342 gold pieces
 26693 | Bazaar   | Identified the +0 cloak of the Arena {Str+4 Int-3} (You
                  | bought it in a shop in a bazaar)
 26713 | Bazaar   | Bought an embroidered cloak for 97 gold pieces
 26728 | Elf:1    | Identified the serpent talisman "Biweizeps" {Int+3 Dex+2}
 26728 | Elf:1    | Noticed Aizul
 26737 | Elf:1    | Killed Aizul
 26795 | Elf:1    | Found Keonuv's General Store.
 26801 | Elf:1    | Bought a scroll of blinking for 120 gold pieces
 26830 | Elf:1    | Found Ilexkargh's Book Shoppe.
 26833 | Elf:1    | Found a crumbling gateway.
 26862 | Elf:1    | Identified the +8 chain mail of the Stone Wall {Str+6
                  | Int-2}
 26907 | Elf:1    | Found Oseat's Antique Weapon Shop.
 27201 | Elf:1    | Found a runed translucent gate.
 27204 | Elf:1    | Found a runed translucent gate.
 27204 | Elf:1    | Found a runed translucent gate.
 27204 | Elf:1    | Noticed Henri's ghost (adept GrFi)
 27204 | Elf:1    | Noticed Fodazxin's ghost (veteran GrFi)
 27204 | Elf:1    | Noticed Besyklibb's ghost (adept GrEE)
 27569 | Elf:1    | Killed Fodazxin's ghost
 27598 | Elf:1    | Killed Henri's ghost
 27970 | Elf:1    | Killed Besyklibb's ghost
 28020 | Elf:2    | Found a runed translucent gate.
 28026 | Elf:2    | Found a runed translucent gate.
 28026 | Elf:2    | Found a runed translucent gate.
 28230 | Elf:2    | Found an ancient bone altar of Kikubaaqudgha.
 28558 | Elf:2    | Found Vawnehy's Jewellery Shoppe.
 28972 | Elf:2    | Identified the blade talisman of Xunac {rN+}
 29033 | Elf:3    | Entered Level 3 of the Elven Halls
 29107 | Elf:3    | Paralysed by an air elemental for 1 turns
 29209 | Elf:3    | Reached skill level 15 in Stealth
 29638 | Elf:3    | Identified the +10 lajatang of Xierirae {holy, rC+ Stlth+}
 29650 | Elf:3    | Identified the +1 rapier of Contention {freeze, rElec Str+2
                  | Int+4}
 29664 | Elf:3    | Reached XP level 21. HP: 31/199 MP: 8/35
 29794 | Elf:3    | Identified the staff of Gaom {*Slow Will+ Stlth+ Conj}
 30037 | Elf:3    | Got Sif Muna's Almanac of Flinty Accelerants
 30063 | Elf:3    | Got Sif Muna's Papyrus of the Breezy Glacier
 30070 | Elf:3    | Identified the staff of Vuasass {*Slow rElec rF+ Tloc Air}
 30079 | Elf:3    | Reached skill level 15 in Fighting
 30863 | Elf:3    | Learned a level 6 spell: Eringya's Noxious Bog
 31345 | Vaults:1 | Entered Level 1 of the Vaults
 32151 | Vaults:1 | You fall into a shaft and drop 1 floor!
 32313 | Vaults:2 | Reached skill level 10 in Alchemy
 32441 | Vaults:2 | Noticed Sojobo
 32455 | Vaults:2 | Killed Sojobo
 33093 | Vaults:2 | Found a staircase to the Crypt.
 33628 | Vaults:2 | Reached XP level 22. HP: 210/210 MP: 36/36
 35701 | Vaults:4 | Found Feasuceq's Armour Shoppe.
 36129 | Vaults:4 | Found Jetubb's Round Resellers.
 37070 | Vaults:5 | Entered Level 5 of the Vaults
 37072 | Vaults:5 | Noticed a dread lich
 37074 | Vaults:5 | Reached skill level 15 in Armour
 37077 | Vaults:5 | Noticed a golden dragon
 37080 | Vaults:5 | Reached XP level 23. HP: 112/217 MP: 16/37
 37452 | Crypt:1  | Entered Level 1 of the Crypt
 37818 | Crypt:1  | Identified the +1 short sword "Earthworm" {heavy, rElec
                  | rF+}
 38182 | Crypt:1  | Noticed Bai Suzhen
 38198 | Crypt:1  | Killed Bai Suzhen
 41580 | Crypt:2  | Reached skill level 15 in Necromancy
 41591 | Crypt:2  | Reached skill level 1 in Staves
 42255 | Crypt:2  | Reached skill level 5 in Staves
 42846 | Crypt:3  | Entered Level 3 of the Crypt
 43191 | Crypt:3  | Identified the staff "Wuxt" {rCorr SInv Conj}
 43569 | Crypt:3  | Found a staircase to the Tomb.
 43587 | Crypt:3  | Reached XP level 24. HP: 225/225 MP: 37/37
 43590 | Crypt:3  | Noticed an ancient lich
 43595 | Crypt:3  | Killed an ancient lich
 43621 | Crypt:3  | Found the necklace of Bloodlust {Fury *Rage Will++ Int-3
                  | Slay+6}
 43951 | Crypt:3  | Reached skill level 10 in Staves
 44180 | Crypt:3  | Identified the staff of Eternal War {rCorr Int-5 Stlth+ Ice
                  | Earth}
 44676 | Vaults:5 | Killed a dread lich
 44704 | Vaults:5 | Identified the +9 quarterstaff "Cagok" {flame, Str+4}
 45600 | Vaults:5 | Identified the +3 leather armour "Gugidoexu" {Will- Dex+3
                  | Slay+3}
 46165 | Vaults:5 | Reached skill level 15 in Staves
 46741 | Vaults:5 | Identified the staff "Nimurobby" {rC+ Ice Earth}
 46789 | Vaults:5 | Reached XP level 25. HP: 211/232 MP: 37/37
 47125 | Vaults:5 | Identified the ring "Winlaug" {rCorr AC+4 Str+3}
 47159 | Vaults:5 | Learned a level 8 spell: Ignition
 47180 | Vaults:5 | Learned a level 7 spell: Haunt
 47468 | Vaults:5 | Got a silver rune of Zot
 47709 | Depths:1 | Entered Level 1 of the Depths
 47748 | Depths:1 | Reached skill level 5 in Summonings
 48235 | Depths:1 | Found Ipnion's Jewellery Emporium.
 48235 | Depths:1 | Found Beynt's Book Shop.
 48236 | Depths:1 | Found Sackad's Jewellery Emporium.
 48256 | Depths:1 | Found a gateway to Hell.
 48309 | Depths:1 | Reached skill level 10 in Summonings
 49212 | Depths:2 | Found a magical portal.
 49217 | WizLab   | Entered Eringya's Formal Garden
 49463 | WizLab   | Paralysed by a fenstrider witch for 4 turns
 50080 | WizLab   | Found a blossoming altar of Fedhas.
 50336 | Depths:2 | Noticed Vv
 50361 | Depths:2 | Killed Vv
 50590 | Depths:2 | Found a one-way gate leading to the halls of Pandemonium.
 50719 | Depths:2 | Noticed Nikola
 50721 | Depths:2 | Identified the ring of Ydurchesch {Ice rElec rPois Str-4
                  | Stlth+}
 50721 | Depths:2 | Noticed Josephina
 50728 | Depths:2 | Killed Nikola
 50729 | Depths:2 | Reached skill level 15 in Shields
 51244 | Depths:2 | Found a corrupted altar of Lugonu.
 51244 | Depths:2 | Found a one-way gate to the infinite horrors of the Abyss.
 51265 | Depths:2 | Found a runed translucent door.
 51930 | Depths:2 | Identified the ring "Mucihezav" {+Blink rPois rC+ EV+5}
 52304 | Depths:2 | Found a runed translucent door.
 52304 | Depths:2 | Noticed a shard shrike
 52304 | Depths:2 | Noticed a shard shrike
 52309 | Depths:2 | Killed a shard shrike
 52310 | Depths:2 | Reached XP level 26. HP: 247/247 MP: 23/37
 52313 | Depths:2 | Killed a shard shrike
 53214 | Depths:2 | Got the Compendium of Glaciation
 53844 | Depths:3 | Noticed Jory
 53861 | Depths:3 | Killed Jory
 54010 | Depths:3 | Found an iron altar of Okawaru.
 54011 | Depths:3 | Found a basalt altar of Yredelemnul.
 54012 | Depths:3 | Found a sparkling altar of Nemelex Xobeh.
 54591 | Depths:3 | Identified the +3 spear of Painful Death {heavy, rElec}
 54593 | Depths:3 | Found the +12 glaive of Prune {freeze, Prune}
 54608 | Depths:3 | Identified the ring "Fijoloom" {rC+ Slay+2}
 55189 | Depths:3 | Found the amulet of the Four Winds {rN+ Will+++ Clar}
 55240 | Depths:4 | Entered Level 4 of the Depths
 55240 | Depths:4 | Noticed a juggernaut
 55259 | Depths:4 | Killed a juggernaut
 56015 | Depths:4 | Found a gate to the Realm of Zot.
 56274 | Depths:4 | Found a one-way gateway to a ziggurat.
 56871 | Depths:4 | Found an ornate altar of the Wu Jian Council.
 57015 | Depths:4 | Reached XP level 27. HP: 242/268 MP: 37/37
 57774 | Slime:1  | Entered Level 1 of the Pits of Slime
 58764 | Slime:5  | Entered Level 5 of the Pits of Slime
 58802 | Slime:5  | Noticed the Royal Jelly
 58811 | Slime:5  | Killed the Royal Jelly
 58836 | Slime:5  | Your ally the Royal Jelly died
 59141 | Slime:5  | Identified the +9 bardiche of Discretion {freeze, rCorr
                  | Str+2 Int+7 Dex-4}
 59152 | Slime:5  | Got a slimy rune of Zot
 59169 | Slime:5  | Found the +3 hat of Pondering {ponderous, Will+ MP+10
                  | Int+5}
 59186 | Slime:5  | Identified the staff of the Hierophant {+Blink rElec Int+3
                  | Dex+3 Air}
 59210 | Slime:5  | Identified the ring "Eduguis" {Wiz rC+ Str+3}
 59257 | Slime:5  | Identified the ring of Hasoj {rCorr Int+3}
 60153 | Tomb:1   | Entered Level 1 of the Tomb of the Ancients
 60973 | Tomb:1   | Noticed a royal mummy
 60973 | Tomb:1   | Noticed a royal mummy
 61013 | Tomb:1   | Reached skill level 1 in Translocations
 61024 | Tomb:1   | Killed a royal mummy
 61025 | Tomb:1   | Reached skill level 10 in Dodging
 61062 | Tomb:1   | HP: 12/268 [something (17)]
 61163 | Tomb:1   | Killed a royal mummy
 62532 | Tomb:2   | Noticed a royal mummy
 62532 | Tomb:2   | Noticed a royal mummy
 62539 | Tomb:2   | HP: 6/268 [death scarab[a royal mummy] (12)]
 62539 | Tomb:2   | Noticed a royal mummy
 62541 | Tomb:2   | Engulfed by an ushabti's foul pestilence

Illustrated notes

Levels and vault maps discovered:
D:1:      wander_arrival_abandoned_jail, layout_basic, minmay_tromino_v4_b
D:2:      layout_loops_ring, shapermc_ecumenical_altar_notcrosses,
          serial_undead, serial_undead_d, serial_undead_e, serial_undead_d,
          serial_undead_f, minmay_misc_feat_tower, minivault_5
D:3:      minmay_spotlight, layout_loops_ring, lemuel_crystal_altar,
          mainiacjoe_overflow_concentric_impassable,
          nicolae_ru_sacrificial_ziggurat, roderic_lattice_a, uniq_terence
D:4:      layout_rooms, amcnicky_altar_gilded, minmay_temple_entry_junction_2,
          kennysheep_generic_room_9
D:5:      layout_basic, nicolae_elyvilon_temple_path,
          chequers_serial_rivers_micro_d
D:6:      layout_gridville, serial_shops, nicolae_shop_dealshenge
D:7:      gammafunk_the_bubble [the_bubble_gammafunk_split], layout_basic,
          makhleb_altar_promises_db, st_stairs_1
D:8:      minmay_bubble_buster, layout_basic, overflow_temple_1_default,
          nicolae_dithmenos_the_darkroom, grunt_temple_overflow_open,
          serial_shops, nicolae_stop_n_shop_1, chequers_serial_rivers_micro_b,
          uniq_jeremiah
D:9:      layout_basic, serial_shops, nicolae_shop_overgrown_old_shop,
          nicolae_shop_real_fake_doors, nicolae_shop_tiny_statue_garden, shop,
          shop
D:10:     minmay_recursive_quarters, layout_basic, mainiacjoe_overflow_boulevard
D:11:     layout_gridville, serial_glass, glass_columns_a, glass_columns_a,
          due_unseen_surprise, minmay_strange_pillars, item_on_display_a,
          item_on_display_a, nicolae_fountain_basement
D:12:     minmay_distorted_concentric_squares, layout_rooms,
          gauntlet_entry_generic, enter_trove_5, grunt_decor_mini_mirrors,
          grunt_ministairs_5
D:13:     layout_loops_ring, lemuel_flamethrower_2, uniq_jorgrun
D:14:     layout_roguey, david_vaults_2, serial_shops, shop,
          nicolae_shop_rolling_square, nicolae_shop_scrapyard,
          nicolae_shop_gaudy_bauble, kennysheep_potato
D:15:     gammafunk_depths_entry_grave, layout_irregular_city,
          minmay_misc_feat_roman, kiku_gazebo_garden_becter
Temple:   chequers_temple_sunken
Lair:1:   layout_cave_pods, uniq_nergalle
Lair:2:   layout_misc_corridors, basic_altar, infiniplex_staircase_pool
Lair:3:   layout_long_grid, minmay_swamp_entry_worms,
          nicolae_spider_entry_non_spiders, nicolae_volcano_entry_lava_flow,
          lemuel_fruit_tree
Lair:4:   regret_index_bee_streams, layout_loops_ring
Lair:5:   cheibrodos_lair_end_hotspot, layout_long_grid,
          minmay_slime_entry_pillars, serial_bayou_shore_b, uniq_rupert,
          uniq_nessos
Swamp:1:  layout_falls_marsh, evilmike_swamp_ruin_house_6
Swamp:2:  layout_basic_swamp, evilmike_swamp_ruin_house_1
Swamp:3:  nzn_winding_woodlands_small [nzn_winding_woodlands_5x15_eye,
          nzn_winding_woodlands_center_diamonds,
          nzn_winding_woodlands_5x15_concentric], layout_basic_swamp,
          serial_swamp_ruin, evilmike_swamp_ruin_house_3,
          evilmike_swamp_ruin_rubble_2, evilmike_swamp_ruin_house_2
Swamp:4:  swamp_old_school, layout_basic_swamp
Spider:1: spider_temple_joshua, hangedman_spider_tarantella_strand
Spider:2: layout_spider_delve
Spider:3: layout_chambers, nicolae_spider_eight_legs, uniq_roxanne, uniq_arachne
Spider:4: grunt_spider_rune_circles, drop_trap
Slime:1:  layout_caves
Slime:2:  nicolae_slime_infinislime, layout_caves, nicolae_slime_barrier
Slime:3:  layout_caves
Slime:4:  layout_caves
Slime:5:  slime_pit
Orc:1:    layout_caves, basic_altar, uniq_fannar
Orc:2:    st_orc_elflike, layout_diamond_mine
Elf:1:    eino_elf_arrival_shootout, layout_loops_ring,
          gammafunk_ghost_cemetery, serial_shops, bzr_firewalk,
          nicolae_shop_mannequins, nicolae_shop_gibbet_a_chance,
          nicolae_shop_bloodbath_and_beyond, shop, portal_desolation_entry_ruin,
          palyth_stone_intersect, uniq_aizul, uniq_donald
Elf:2:    nicolae_elf_blades_crystal_corner, layout_loops_corners, basic_altar,
          serial_shops, nicolae_shop_gaudy_bauble
Elf:3:    elf_hall, layout_loops_cross, drop_trap, st_stairs_2
Vaults:1: vaults_dpeg_diagonal, nicolae_vaults_back_hallway,
          nicolae_vaults_heist, hangedman_vaults_cutoff,
          nicolae_vaults_heart-shaped_vault, v_rooms_2, vaults_room_glass_cross,
          v_rooms_4, vaults_mumra_hexcomb, nicolae_vaults_variable_pillar_hall,
          vaults_dpeg_hooks, layout_vaults_maze_snakey
Vaults:2: vaults_room_door_hall, v_alt_pattern_4,
          nicolae_vaults_twisting_passages, hangedman_vaults_stretched_pinwheel,
          v_misc_30, v_alt_pattern_5, nicolae_vaults_storage_closets_3,
          blue_anna_dwarven_crypt, nicolae_vaults_sightless_eye,
          layout_vaults_big_room, uniq_sojobo
Vaults:3: nicolae_vaults_rhombus_6, v_misc_25, special_room_vaults
          [special_room_orc], vaults_room_hallway, vaults_mumra_lcd,
          nicolae_vaults_storage_room_doors, v_misc_32, v_misc_25,
          nicolae_vaults_closet_pinwheel_6, nicolae_vaults_sealed_display,
          vaults_room_octagon, nicolae_vaults_network_s, layout_vaults_omnicross
Vaults:4: hangedman_vaults_trim, nicolae_vaults_little_squares_6,
          nicolae_vaults_offset_grid_hallway_2, nicolae_vaults_mitosis,
          hangedman_vaults_stretched_pinwheel, nicolae_vaults_cochlea,
          nicolae_vaults_hexular_roomagon, vaults_room_fours,
          nicolae_vaults_more_shelving_1, vaults_dpeg_ring,
          nicolae_vaults_six-pack, tekkud_shop_of_orbs, v_misc_28,
          nicolae_vaults_diamond_2, ontoclasm_vaults_claustrophobia,
          layout_vaults_ring, serial_shops, shop
Vaults:5
Crypt:1:  layout_catacombs, uniq_bai_suzhen
Crypt:2:  layout_misc_corridors
Crypt:3:  quadcrypt_mu
Tomb:1
Tomb:2
Depths:1: layout_gridlike, hellmouth_3, kennysheep_opposing_triangles,
          minmay_shop_grove
Depths:2: mu_elemental_laboratory, layout_small_grid, pf_hell_entry_tar_spiral,
          minmay_misc_feat_hallway, abyss_entry_flame_altar, mu_enter_wizlab_1,
          rand_demon_pan_entry_5, infiniplex_staircase_zigzag_2, uniq_josephina,
          uniq_vv, uniq_nikola
Depths:3: hangedman_slaughterboxes, hell_entry, abyss_entry, serial_shops,
          uniq_jory
Depths:4: evilmike_zot_entry_diamond, layout_basic, enter_ziggurat_a,
          abyss_entry, hell_entry, nicolae_tricolors, hangedman_decor_slide_cut,
          nicolae_wu_jian_wuxing_cycle

Skill      XL: |  1  2  3  4  5  6  7  8  9 10 11 12 13 14 15 16 17 18 19 20 21 22 23 24 25 26 27 |
---------------+----------------------------------------------------------------------------------+-----
Alchemy        | 4 5 6 7 8 10 | 10.0
Stealth        | 4 5 6 8 10 11 15 20 | 20.0
Spellcasting   | 3 4 6 9 10 | 10.5
Fire Magic     | 1 5 8 10 | 10.0
Fighting       | 1 5 6 8 10 11 14 15 16 20 | 20.0
Invocations    | 1 5 7 8 10 11 14 | 14.0
Armour         | 4 5 6 7 8 10 11 15 | 15.0
Polearms       | 4 6 11 14 | 14.0
Necromancy     | 5 7 10 11 15 | 15.0
Shields        | 3 6 8 10 15 16 17 | 17.6
Earth Magic    | 5 |  5.0
Dodging        | 5 10 | 10.5
Conjurations   | 5 |  5.0
Summonings     | 4 10 | 10.0
Staves         | 8 15 16 | 16.2
Translocations | 3 |  3.1

Action                     |  1- 3 |  4- 6 |  7- 9 | 10-12 | 13-15 | 16-18 | 19-21 | 22-24 | 25-27 || total
---------------------------+-------+-------+-------+-------+-------+-------+-------+-------+-------++-------
  Melee: Unarmed           |     9 |       |       |       |       |       |       |       |       ||     9
         Dagger            |    41 |   131 |   126 |     3 |       |       |       |       |       ||   301
         Punch             |       |     6 |     5 |     1 |       |       |       |       |       ||    12
         Spear             |       |       |    32 |       |       |       |       |       |       ||    32
         Trident           |       |       |     8 |   230 |   250 |   500 |   971 |   858 |   799 ||  3616
         Constrict         |       |       |       |       |    53 |    81 |   165 |   200 |   131 ||   630
         Lajatang          |       |       |       |       |       |       |       |   363 |   140 ||   503
         Demon trident     |       |       |       |       |       |       |       |       |   372 ||   372
   Cast: Sting             |    23 |    63 |    49 |       |       |       |       |       |       ||   135
         Olgreb's Toxic Ra |       |     1 |    18 |    29 |    33 |    16 |    28 |    11 |    18 ||   154
         Mercury Vapours   |       |       |     2 |       |       |       |       |       |       ||     2
         Sticky Flame      |       |       |    13 |     9 |     1 |       |       |       |       ||    23
         Mephitic Cloud    |       |       |     4 |     3 |     1 |     1 |       |       |       ||     9
         Borgnjor's Vile C |       |       |       |     7 |    10 |     4 |    21 |     1 |     4 ||    47
         Animate Dead      |       |       |       |       |     7 |    10 |    17 |     6 |    15 ||    55
         Death Channel     |       |       |       |       |    10 |    11 |    21 |    11 |    15 ||    68
         Lesser Beckoning  |       |       |       |       |     1 |       |     2 |     1 |    22 ||    26
         Ignite Poison     |       |       |       |       |     7 |    14 |    39 |    29 |    24 ||   113
         Stone Arrow       |       |       |       |       |       |       |     6 |     4 |     9 ||    19
         Eringya's Noxious |       |       |       |       |       |       |     1 |     2 |       ||     3
         Blink             |       |       |       |       |       |       |       |       |     1 ||     1
 Invoke: Slouch            |       |       |       |       |     1 |     4 |     2 |     1 |    14 ||    22
         Step From Time    |       |       |       |       |       |       |     1 |       |     1 ||     2
Ability: Spit Poison       |     3 |     4 |     1 |       |       |       |       |       |     1 ||     9
    Use: Scroll            |       |     6 |     2 |    10 |    10 |     9 |    14 |     6 |    20 ||    77
         Potion            |       |       |       |       |     1 |     2 |     6 |     5 |       ||    14
   Stab: Sleeping          |     6 |    10 |     6 |    13 |     9 |    32 |    32 |    44 |    11 ||   163
         Distracted        |       |       |     1 |     3 |     9 |    29 |    54 |    68 |    70 ||   234
         Confused          |       |       |     2 |       |       |     2 |       |       |       ||     4
         Held in net/web   |       |       |       |       |       |       |     1 |       |       ||     1
 Armour: Robe              |    28 |    33 |       |       |       |       |       |       |       ||    61
         Leather armour    |       |    80 |   186 |    19 |       |       |       |       |       ||   285
         Troll leather arm |       |       |       |   211 |   168 |   227 |   349 |       |       ||   955
         Chain mail        |       |       |       |    10 |       |       |   143 |  1001 |    12 ||  1166
         Plate armour      |       |       |       |       |       |    14 |       |       |       ||    14
         Gold dragon scale |       |       |       |       |       |       |       |       |  1028 ||  1028
  Dodge: Dodged            |    24 |    58 |    67 |    80 |   108 |   169 |   338 |   661 |   492 ||  1997
  Block: Buckler           |       |       |       |    40 |    64 |    60 |       |       |       ||   164
         Kite shield       |       |       |       |       |       |   133 |   537 |   442 |   797 ||  1909
         Reflection        |       |       |       |       |       |       |    43 |    24 |    70 ||   137
